 Dungeon Crawl Stone Soup version 0.30-a0-1160-g6e42c06 (webtiles) character file.

Game seed: 17742858197117433414

280 porkupine the Sneak (level 6, -2/51 HPs)
             Began as a Naga Ice Elementalist on Apr 26, 2023.
             Was a Follower of Nemelex Xobeh.
             Slain by an ogre
             ... wielding a +0 giant spiked club
              (26 damage)
             ... on level 4 of the Dungeon.
             The game lasted 00:12:05 (2760 turns).

porkupine the Sneak (Naga Ice Elementalist)         Turns: 2760, Time: 00:12:05

Health: -2/51      AC: 13    Str: 10    XL:     6   Next: 27%
Magic:  5/11       EV: 10    Int: 16    God:    Nemelex Xobeh [*.....]
Gold:   202        SH:  0    Dex: 13    Spells: 5/12 levels left

rFire   . . .        d - +1 dagger (drain)
rCold   . . .        (no shield)
rNeg    . . .        l - +2 robe {Will+}
rPois   +            (no helmet)
rElec   .            c - +0 cloak
rCorr   .            j - +0 pair of gloves
SInv    +            (no barding)
Will    +....        (no amulet)
Stlth   +++          (no ring)
HPRegen 0.28/turn    (no ring)
MPRegen 0.12/turn

%: no passive effects
@: mighty, ice-armoured, freezing walls, invisible, very slow
A: AC +2, large, see invisible, deformed body, poison resistance, slowness 2,
spit poison 1, naga tail 1
a: Spit Poison, Renounce Religion, Draw Escape, Draw Destruction, Draw Summoning


You were on level 4 of the Dungeon.
You worshipped Nemelex Xobeh.
Nemelex Xobeh was aware of your devotion.
You visited 1 branch of the dungeon, and saw 4 of its levels.

You collected 202 gold pieces.

Inventory:

Hand Weapons
 d - a +1 dagger of draining (weapon)
Missiles
 i - 11 poisoned darts
Armour
 c - a +0 cloak (worn)
 j - a +0 pair of gloves (worn)
 l - a +2 robe of willpower (worn)
Scrolls
 g - a scroll of torment
Potions
 a - 2 potions of resistance
 b - a potion of magic
 h - a potion of berserk rage {unknown}
 k - a potion of degeneration {unknown}
 n - a potion of flight {unknown}
 o - a potion of might
 p - a potion of invisibility
 q - 2 potions of brilliance {unknown}


   Skills:
 + Level 1.6 Fighting
 + Level 0.5 Long Blades
 + Level 2.4 Dodging
 * Level 5.7 Stealth
 * Level 3.5 Spellcasting
 + Level 4.6 Ice Magic


You had 5 spell levels left.
You knew the following spells:

 Your Spells              Type           Power      Damage    Failure   Level
a - Freeze                Ice            68%        1d8       2%          1
b - Frozen Ramparts       Ice            34%        1d6       8%          3
c - Ozocubu's Armour      Ice            17%        N/A       8%          3

Your spell library contained the following spells:

 Spells                   Type           Power      Damage    Failure   Level
 Apportation              Tloc           4%         N/A       19%         1
 Magic Dart               Conj           8%         1d3       19%         1
 Necrotise                Necr           8%         1d4       19%         1
 Blink                    Tloc           4%         N/A       26%         2
 Searing Ray              Conj           4%         2d4       26%         2
 Call Canine Familiar     Summ           2%         N/A       47%         3
 Ignite Poison            Fire/Tmut/Pois 2%         N/A       47%         3
 Inner Flame              Hex/Fire       2%         N/A       47%         3
 Portal Projectile        Hex/Tloc       4%         N/A       47%         3
 Tukima's Dance           Hex            2%         N/A       47%         3
 Summon Ice Beast         Ice/Summ       10%        N/A       56%         4
 Fulminant Prism          Conj/Hex       1%         3d5       87%         4
 Leda's Liquefaction      Hex/Erth       1%         N/A       87%         4
 Passage of Golubria      Tloc           2%         N/A       87%         4
 Sticky Flame             Conj/Fire      2%         2d3       87%         4
 Blade Hands              Tmut           1%         N/A       99%         5
 Yara's Violent Unravell  Hex/Tmut       1%         3d3       99%         5
 Enfeeble                 Hex            1%         N/A       100%        7
 Ignition                 Fire           1%         3d3       100%        8


Dungeon Overview and Level Annotations

Branches:
Dungeon (4/15)
 Temple: D:4-7

Altars:
Nemelex Xobeh

Shops:
D:2 (


Innate Abilities, Weirdness & Mutations

Your serpentine skin is tough. (AC +2)
You have supernaturally acute eyesight. (SInv)
Armour fits poorly on your strangely shaped body.
Your system is resistant to poisons. (rPois)
You cover ground very slowly.
You can spit poison.
You have a snake-like lower body.


Message History

Casting: Frozen Ramparts (dangerous; 8% risk of failure)
Confirm with . or Enter, or press ? or * to list all spells.
A film of ice covers your body!
The wall freezes the ogre.
Unknown command.
As you read the scroll labelled FUGOT RENITULECRI, it crumbles to dust.
You hear a loud clanging noise!
It was a scroll of noise.
You hear a bark!
You hear a shout! x2; You hear an angry hiss.
You hear a shout!
Something shouts, "Face thy requiem, thou gorbellied rump-fed mule!"
You hear an angry hiss.
The wall freezes the ogre.
The ogre hits you with a +0 giant spiked club!!
Ouch! That really hurt!
The wall freezes the two-headed ogre.
Okay, then.
You fade into invisibility!
The wall freezes the orc warrior.
The wall freezes the two-headed ogre.
The two-headed ogre barely misses you.
The two-headed ogre hits you with a +0 giant club!
The wall freezes the ogre.
The ogre closely misses you.
You feel much better.
The wall freezes the orc warrior.
A hound comes into view.
The wall freezes the two-headed ogre but does no damage.
The two-headed ogre barely misses you.
The two-headed ogre hits you with a +0 giant club.
You aren't carrying any items that you can evoke.
Okay, then.
You feel very mighty all of a sudden.
The wall freezes the orc warrior.
The wall freezes the ogre.
You hit the ogre.
The ogre is severely wounded.
The wall freezes the hound.
The wall freezes the two-headed ogre.
The two-headed ogre closely misses you.
The two-headed ogre hits you with a +0 giant club!
The wall freezes the ogre.
The ogre hits you with a +0 giant spiked club!!
Ouch! That really hurt!
You die...
Your body glows slightly and disappears.

#.# #. #.# #.
..# #. ..# #.
#.# #. #.# #.
#.# #O##.#####
#.@......###
#hO........#
.....######.###
#. ..#... #.#
#.# #.## #.#
##.#
#.########.###
##...
.............#
...#
##.###.#......#
# ##.##
#.##.###...<##


You could see a two-headed ogre (unable to see you), an ogre (unable to see you)
and a hound.

Vanquished Creatures
  Sigmund (D:2)
  An iguana (D:4)
  3 adders
  A dart slug (D:2)
  A worm (D:2)
  5 endoplasms
  2 giant cockroaches
  5 goblins
  2 hobgoblins
  3 quokkas
  9 ball pythons
  8 bats
  4 frilled lizards
  6 kobolds
  7 rats
58 creatures vanquished.

Vanquished Creatures (others)
  A fungus (D:4)
1 creature vanquished.

Grand Total: 59 creatures vanquished

Notes
Turn   | Place    | Note
-------+----------+-------------------------------------------
     0 | D:1      | porkupine the Naga Ice Elementalist began the quest for the
                  | Orb.
     0 | D:1      | Reached XP level 1. HP: 15/15 MP: 3/3
   125 | D:1      | Reached XP level 2. HP: 19/22 MP: 0/5
   853 | D:2      | Noticed Sigmund
   860 | D:2      | Reached XP level 3. HP: 28/28 MP: 6/6
   892 | D:2      | Killed Sigmund
   893 | D:2      | Reached skill level 1 in Fighting
   893 | D:2      | Reached skill level 5 in Stealth
   893 | D:2      | Reached XP level 4. HP: 19/38 MP: 2/8
   893 | D:2      | Reached XP level 5. HP: 22/44 MP: 2/9
   975 | D:1      | Learned a level 3 spell: Frozen Ramparts
   979 | D:1      | Learned a level 3 spell: Ozocubu's Armour
  1091 | D:2      | Found a sparkling altar of Nemelex Xobeh.
  1100 | D:2      | Became a worshipper of Nemelex Xobeh the Trickster
  1227 | D:2      | Found Pup Uwn's Antique Weapon Shop.
  1712 | D:3      | Reached XP level 6. HP: 51/51 MP: 11/11
  1814 | D:3      | Got the Grimoire of Charnel Dislocation
  2141 | D:3      | Reached * piety under Nemelex Xobeh
  2575 | D:3      | Found a sparkling altar of Nemelex Xobeh.
  2627 | D:4      | Received a gift from Nemelex Xobeh
  2753 | D:4      | Noticed an orc warrior
  2753 | D:4      | Noticed a two-headed ogre
  2760 | D:4      | Slain by an ogre

Illustrated notes

Levels and vault maps discovered:
D:1:      eino_arrival_cavern_b, layout_basic, minmay_pentomino_q4
D:2:      layout_loops_ring, basic_altar, serial_shops,
          nicolae_shop_statue_plus, grunt_ministairs_15, uniq_sigmund
D:3:      layout_loops_ring, nemelex_spade_bored_becter, grunt_decor_fettered
D:4:      layout_loops_ring, mainiacjoe_overflow_alcove_4,
          minmay_manual_monolith, uniq_crazy_yiuf_cottage, uniq_grinder

Skill      XL: |  1  2  3 |
---------------+----------+-----
Fighting       | 1 |  1.6
Dodging        | 2 |  2.4
Stealth        | 5 |  5.7
Spellcasting   | 3 |  3.5
Long Blades    | |  0.5
Ice Magic      | |  4.6

Action                     |  1- 3 |  4- 6 || total
---------------------------+-------+-------++-------
  Melee: Dagger            |    14 |    32 ||    46
  Throw: Dart              |     3 |       ||     3
   Cast: Freeze            |    20 |    16 ||    36
         Ozocubu's Armour  |       |     1 ||     1
         Frozen Ramparts   |       |     1 ||     1
Ability: Spit Poison       |    21 |    16 ||    37
    Use: Potion            |     1 |     3 ||     4
         Scroll            |       |    10 ||    10
   Stab: Sleeping          |     2 |    10 ||    12
 Armour: Robe              |     9 |    19 ||    28
  Dodge: Dodged            |    21 |    24 ||    45

Table legend: (Time is in decaauts)
 A = Elapsed time spent in this place.
 B = Non-inter-level travel time spent in this place.
 C = Inter-level travel time spent in this place.
 D = Time resting spent in this place.
 E = Time spent auto-exploring this place.
 F = Levels seen in this place.
 G = Mean time per level.
                   A        B        C        D        E       F      G
               +--------+--------+--------+--------+--------+-----+--------+
         Total |   3548 |   3414 |    134 |     90 |   2714 |   4 |  887.0 |
       Dungeon |   3548 |   3414 |    134 |     90 |   2714 |   4 |  887.0 |
               +--------+--------+--------+--------+--------+-----+--------+

Top non-repeatable levels by time:
     D:3: 1212 daAuts
     D:1: 1143 daAuts
     D:2: 1020 daAuts
     D:4: 173 daAuts
